AoeStats
← saschauli

Arena

510489577Analyzed
1v1 RM · 2d ago on Oct 1, 2026· 42m 17s· 2 players
Game mode
Random Map
Map size
Tiny (2 player)
Population
200
Speed
Normal
Resources
Standard
Victory
Conquest
Starting age
Dark Age
Ending age
Imperial Age
RankedLock teamsTeams togetherTeam positionsShared explorationLock speedFull tech treeHidden civsTurbo modeCheats
Victory
Defeat
🇩🇪 Poles · Germany
902
+15
🇦🇺 Britons · Australia
872
-41
Mangonutz68
1:35 Loom
13:10 Feudal Age
20:55 Castle Age
22:14 Wheelbarrow
21:33 Double-Bit Axe
28:54 Fletching
29:55 Stone Mining
29:57 Gold Mining
30:39 Bow Saw
35:16 Imperial Age
38:04 Cavalier
saschauli
10:23 Feudal Age
18:00 Castle Age
15:52 Horse Collar
16:03 Loom
16:10 Double-Bit Axe
16:26 Stone Mining
17:20 Gold Mining
18:58 Heavy Plow
19:16 Forging
19:31 Bow Saw
21:21 Stone Shaft Mining
22:33 Scale Mail Armor
22:20 Light Cavalry
23:16 Bloodlines
24:18 Scale Barding Armor
26:17 Iron Casting
26:30 Chain Barding Armor
26:24 Fletching
32:17 Imperial Age
30:27 Bodkin Arrow
32:04 Squires
32:14 Scale Mail Armor
32:56 Wheelbarrow
33:29 Crop Rotation
33:06 Husbandry
32:35 Winged Hussar
34:48 Blast Furnace
34:52 Conscription
35:44 Lechitic Legacy
36:12 Chain Mail Armor
36:44 Bracer
37:53 Plate Mail Armor
38:16 Hand Cart
37:52 Town Watch
38:32 Elite Obuch
Connection lost

Rejoining the realm…

Still unreachable

The connection could not be restored.

Session expired

The server has moved on; the page needs a fresh start.